 Dungeon Crawl Stone Soup version 0.32-a0-18-g89e19f1974 (webtiles) character file.

Game seed: 5338659352636608203

3073 jasper the Arsonist (level 9, 0/55 HPs)
             Began as a Deep Elf Cinder Acolyte on Jan 16, 2024.
             Was a High Priest of Ignis.
             Slain by a two-headed ogre
             ... wielding a +0 giant club
              (15 damage)
             ... on level 7 of the Dungeon.
             The game lasted 00:10:42 (9024 turns).

jasper the Arsonist (Deep Elf Cinder Acolyte)       Turns: 9024, Time: 00:10:43

Health: 0/55       AC: 13    Str: 11    XL:     9   Next: 58%
Magic:  8/18       EV: 12    Int: 24    God:    Ignis [*****.]
Gold:   211        SH:  0    Dex: 10    Spells: 15/18 levels left

rFire   + . .        i - +2 rapier (venom)
rCold   . . .        (no shield)
rNeg    + . .        g - +0 ring mail
rPois   .            (no helmet)
rElec   .            (no cloak)
rCorr   .            (no gloves)
SInv    .            (no boots)
Will    .....        (no amulet) Stlth
                     h - ring of positive energy
HPRegen 0.29/turn    (no ring)
MPRegen 0.16/turn

%: no passive effects
@: rising, fiery-armoured, flying
A: no striking features
a: Renounce Religion, Fiery Armour, Foxfire Swarm


You were on level 7 of the Dungeon.
You worshipped Ignis.
Ignis was extremely pleased with you.
You visited 1 branch of the dungeon, and saw 7 of its levels.

You collected 448 gold pieces.
You spent 237 gold pieces at shops.

Inventory:

Hand Weapons
 a - a +0 spear of flaming
 i - a +2 rapier of venom (weapon)
 n - a +0 spectral quarterstaff
Missiles
 d - 34 stones
 p - 6 boomerangs
 x - a throwing net
Armour
 b - a +0 robe
 g - a +0 ring mail (worn)
 j - a scarf of shadows
 u - the +0 ring mail of Eternal Night {Harm +Blink rElec rC+ Str-4}
   (You bought it in a shop on level 1 of the Dungeon)

   Str-4:     It affects your strength (-4).
   rC+:       It protects you from cold.
   rElec:     It insulates you from electricity.
   +Blink:    It lets you blink.
   Harm:      It increases damage dealt and taken.
Magical Staves
 m - a staff of conjuration
Jewellery
 h - a ring of positive energy (left hand)
 y - a ring of resist corrosion
Scrolls
 o - 3 scrolls of enchant weapon
 r - 2 scrolls of teleportation
 z - a scroll of immolation
 A - a scroll of poison {unknown}
Potions
 c - 3 potions of lignification
 e - a potion of degeneration
 f - 3 potions of attraction
 k - 2 potions of heal wounds
 l - a potion of mutation
 q - a potion of enlightenment
 s - 2 potions of might {unknown}
 t - a potion of ambrosia {unknown}
 v - 2 potions of curing {unknown}
 w - a potion of invisibility {unknown}


   Skills:
 + Level 6.1 Fighting
 - Level 2.1 Polearms
 + Level 4.9 Armour
 + Level 7.1 Dodging
 - Level 5.0 Spellcasting
 - Level 2.0 Translocations
 - Level 8.0 Fire Magic


You had 15 spell levels left.
You knew the following spells:

 Your Spells              Type           Power      Damage    Failure   Level
a - Scorch                Fire           88%        2d8       1%          2
b - Apportation           Tloc           30%        N/A       9%          1

Your spell library contained the following spells:

 Spells                   Type           Power      Damage    Failure   Level
 Necrotise                Necr           24%        1d5       19%         1
 Gell's Gravitas          Tloc           15%        N/A       26%         3
 Teleport Other           Tloc           15%        N/A       26%         3
 Ensorcelled Hibernation  Hex/Ice        12%        N/A       28%         2
 Jinxbite                 Hex            12%        N/A       28%         2
 Fugue of the Fallen      Necr           6%         N/A       50%         3
 Vampiric Draining        Necr           6%         2d6       50%         3
 Anguish                  Hex/Necr       3%         N/A       88%         4
 Martyr's Knell           Necr/Summ      6%         N/A       88%         4
 Alistair's Intoxication  Alch           4%         N/A       99%         5
 Curse of Agony           Necr           6%         N/A       99%         5
 Dispersal                Tloc           7%         N/A       100%        6


Dungeon Overview and Level Annotations

Branches:
Dungeon (7/15)             Temple (0/1) D:5

Altars:
Gozag
Hepliaklqana
Makhleb
Yredelemnul

Shops:
D:1 =*

Annotations:
D:4 3 runed translucent doors, ChongLi's ghost, weakling DsDe


Message History

The sky beast misses you.
You now have 11/18 mp.
Casting: Scorch (safe; 1% risk of failure)
Press: ? - help, Q - select action, (/) - cycle Dir - look around, f - activate Flames lash the sky beast.
The sky beast is burned terribly!
You kill the sky beast!
The slime creature hits you!
* * * LOW HITPOINT WARNING * * *
You take 14 damage, and have 13/55 hp.
MASSIVE DAMAGE!!
You now have 9/18 mp.
Casting: Scorch (safe; 1% risk of failure)
Press: ? - help, Q - select action, (/) - cycle Dir - look around, f - activate Flames lash the slime creature.
The slime creature is burned terribly!
The slime creature is heavily wounded.
The slime creature barely misses you.
You now have 7/18 mp.
A protective cloak of flame settles atop you.
The slime creature hits you!
* * * LOW HITPOINT WARNING * * *
The slime creature is burned terribly!
The slime creature is burned by your cloak of flames.
The slime creature is severely wounded.
A slime creature comes into view.
The slime creature hits you but does no damage.
The slime creature is burned by your cloak of flames.
The slime creature is lightly wounded.
You take 12 damage, and have 1/55 hp.
MASSIVE DAMAGE!!
You feel much better. The slime creature misses you.
A slime creature comes into view.
The slime creature hits you but does no damage.
The slime creature is burned by your cloak of flames.
The slime creature is lightly wounded.
You regained 22 hp, and now have 23/55 hp.
You begin to rise into the air.
The slime creature hits you!
* * * LOW HITPOINT WARNING * * *
The slime creature is burned terribly!
The slime creature is burned by your cloak of flames.
The slime creature is severely wounded.
The two-headed ogre barely misses you.
The two-headed ogre hits you with a +0 giant club!
You die...

#####.#.....#.#
#.#.P.P...# .#####
#.#.._....# .....
#...P.P.#####...# #
###.........#...#.##
####.............
####.#....#.#
#...#......#
#.###.@..### . #.
#JJO.# #.. #
#....#....
#.J.......
##........
#..J.......^
..OJ#####...... ..
....## ....#


You could see 4 slime creatures and a two-headed ogre.

Vanquished Creatures
  Sigmund (D:2)
  Eustachio (D:6)
  Menkaure (D:4)
  Duvessa (D:6)
  An ice beast (D:6)
  A sky beast (D:7)
  2 black bears (D:6)
  2 ogres
  A centaur (D:6)
  4 phantoms
  A necrophage (D:5)
  3 scorpions (D:6)
  A water moccasin zombie (D:4)
  5 wights (D:6)
  Dowan (D:6)
  A bullfrog zombie (D:4)
  A jelly (D:4)
  2 bombardier beetles
  A hound (D:5)
  3 orc priests
  A gnoll bouda (D:6)
  3 sleepcaps
  A scorpion zombie (D:4)
  5 iguanas
  Natasha (twice) (D:4)
  2 orc wizards
  2 hound zombies (D:4)
  2 hound skeletons
  A howler monkey zombie (D:4)
  10 adders
  11 gnolls
  A shadow imp (D:5)
  3 white imps (D:6)
  3 adder zombies (D:4)
  6 dart slugs
  4 ribbon worms
  16 orcs
  11 endoplasms
  7 giant cockroaches
  11 goblins
  8 hobgoblins
  5 jackals (D:1)
  8 quokkas
  5 ball pythons
  4 bats
  7 frilled lizards
  6 kobolds
  5 rats
184 creatures vanquished.

Notes
Turn   | Place    | Note
-------+----------+-------------------------------------------
     0 | D:1      | jasper the Deep Elf Cinder Acolyte began the quest for the
                  | Orb.
     0 | D:1      | Reached XP level 1. HP: 13/13 MP: 5/5
   108 | D:1      | Reached XP level 2. HP: 18/18 MP: 7/7
   111 | D:1      | Learned a level 2 spell: Scorch
   278 | D:1      | Found Quinay's Assorted Antiques.
   283 | D:1      | Bought a bubbling yellow potion for 21 gold pieces
   452 | D:1      | Reached skill level 4 in Fire Magic
   593 | D:1      | Reached XP level 3. HP: 22/22 MP: 6/9
  1165 | D:1      | Found Sageshra's One-of-a-Kind Rings.
  1763 | D:2      | Found a faded altar of an unknown god.
  2038 | D:2      | Noticed Sigmund
  2041 | D:2      | Reached XP level 4. HP: 27/27 MP: 6/11
  2046 | D:2      | Killed Sigmund
  2047 | D:2      | Reached skill level 5 in Spellcasting
  2047 | D:2      | Reached skill level 5 in Fire Magic
  2047 | D:2      | Reached XP level 5. HP: 30/31 MP: 1/14
  2241 | D:2      | You fall into a shaft and drop 2 floors!
  2316 | D:3      | Found a hazy altar of Hepliaklqana.
  2547 | D:3      | Reached skill level 6 in Fire Magic
  3293 | D:3      | Reached XP level 6. HP: 31/36 MP: 8/15
  3498 | D:4      | Reached skill level 7 in Fire Magic
  4009 | D:4      | Reached XP level 7. HP: 40/40 MP: 2/16
  4115 | D:4      | Found a runed translucent gate.
  4117 | D:4      | Found a runed translucent gate.
  4118 | D:4      | Found a runed translucent gate.
  4119 | D:4      | Found an opulent altar of Gozag.
  4121 | D:4      | Noticed ChongLi's ghost (weakling DsDe)
  4201 | D:4      | Noticed Menkaure
  4207 | D:4      | Killed Menkaure
  4208 | D:4      | Reached skill level 8 in Fire Magic
  4321 | D:4      | Reached skill level 1 in Dodging
  4442 | D:4      | Reached skill level 1 in Armour
  4538 | D:4      | Noticed Natasha
  4540 | D:4      | Killed Natasha
  4655 | D:1      | Bought a heavily runed ring mail for 216 gold pieces
  4655 | D:1      | Identified the +0 ring mail of Eternal Night {Harm +Blink
                  | rElec rC+ Str-4} (You bought it in a shop on level 1 of the
                  | Dungeon)
  4801 | D:2      | Learned a level 1 spell: Apportation
  5385 | D:4      | Noticed Natasha
  5390 | D:4      | Killed Natasha
  5539 | D:5      | Entered Level 5 of the Dungeon
  5555 | D:5      | Found a staircase to the Ecumenical Temple.
  6102 | D:5      | Reached XP level 8. HP: 42/48 MP: 12/17
  6710 | D:5      | Found a burning altar of Makhleb.
  7118 | D:6      | Noticed Duvessa
  7118 | D:6      | Noticed Dowan
  7123 | D:6      | Killed Duvessa
  7123 | D:6      | Killed Dowan
  7128 | D:6      | Reached skill level 5 in Dodging
  7130 | D:6      | Reached skill level 5 in Fighting
  7263 | D:6      | Noticed Eustachio
  7291 | D:6      | Killed Eustachio
  7528 | D:6      | Reached XP level 9. HP: 54/54 MP: 11/18
  7601 | D:6      | Reached skill level 1 in Translocations
  8991 | D:7      | Found a basalt altar of Yredelemnul.
  9014 | D:7      | Noticed a two-headed ogre
  9022 | D:7      | HP: 1/55 [slime creature (12)]
  9024 | D:7      | Slain by a two-headed ogre

Illustrated notes

Levels and vault maps discovered:
D:1:      dpeg_arrival_stone_temple_mockup, layout_loops_corners, serial_shops,
          shop_fountains, nicolae_shop_unique_rings, serial_park_tiny_pond
D:2:      layout_basic, chequers_ecumenical_altar_simple, uniq_sigmund
D:3:      layout_basic, lemuel_crystal_altar
D:4:      layout_loops_ring, serial_undead, serial_undead_d, serial_undead_f,
          serial_undead_c, serial_undead_a, ebering_ghost_gozag, uniq_natasha,
          uniq_menkaure
D:5:      layout_cave_pods, makhleb_blood_cavern_becter,
          minmay_temple_entry_drinking_statues
D:6:      layout_basic, chequers_serial_rivers_large_a, nicolae_benzene_ring,
          minmay_between, uniq_duvessa, uniq_eustachio
D:7:      layout_basic, mainiacjoe_overflow_catwalk, yredelemnul_altar_generic,
          elyvilon_altar_5

Skill      XL: |  1  2  3  4  5  6  7  8  9 |
---------------+----------------------------+-----
Spellcasting   | 2 3 5 |  5.0
Fire Magic     | 4 5 6 7 8 |  8.0
Fighting       | 3 5 6 |  6.1
Dodging        | 3 5 7 |  7.1
Armour         | 1 3 4 |  4.9
Translocations | 2 |  2.0
Polearms       | |  2.1

Action                     |  1- 3 |  4- 6 |  7- 9 || total
---------------------------+-------+-------+-------++-------
  Melee: Spear             |    32 |     4 |       ||    36
         Quarterstaff      |       |     7 |    37 ||    44
         Rapier            |       |       |    39 ||    39
  Throw: Boomerang         |       |       |     1 ||     1
   Cast: Scorch            |    46 |    69 |   168 ||   283
 Invoke: Fiery Armour      |     1 |       |     2 ||     3
         Rising Flame      |       |       |     1 ||     1
    Use: Scroll            |     6 |       |     9 ||    15
         Potion            |       |       |     2 ||     2
 Armour: Robe              |    14 |       |       ||    14
         Ring mail         |    11 |    17 |   111 ||   139
  Dodge: Dodged            |    18 |    12 |   106 ||   136

Table legend: (Time is in decaauts)
 A = Elapsed time spent in this place.
 B = Non-inter-level travel time spent in this place.
 C = Inter-level travel time spent in this place.
 D = Time resting spent in this place.
 E = Time spent auto-exploring this place.
 F = Levels seen in this place.
 G = Mean time per level.
                   A        B        C        D        E       F      G
               +--------+--------+--------+--------+--------+-----+--------+
         Total |   9057 |   8662 |    395 |    605 |   7047 |   7 | 1293.9 |
       Dungeon |   9057 |   8662 |    395 |    605 |   7047 |   7 | 1293.9 |
               +--------+--------+--------+--------+--------+-----+--------+

Top non-repeatable levels by time:
     D:5: 1676 daAuts
     D:1: 1662 daAuts
     D:6: 1639 daAuts
     D:4: 1526 daAuts
     D:3: 1287 daAuts
     D:2: 1077 daAuts
     D:7: 187 daAuts
